 Seeded DCSS version 0.24.1-14-gf8d2b509d9 (webtiles) character file.

Game seed: 519018287, levelgen mode: deterministic

3967 Mrkan the Spear-Bearer (level 10, 0/79 HPs)
             Began as a Merfolk Gladiator on May 21, 2020.
             Was a High Priest of Fedhas.
             Splashed by Harold's acid (13 damage)
             ... on level 8 of the Dungeon.
             The game lasted 00:13:53 (8092 turns).

Mrkan the Spear-Bearer (Merfolk Gladiator)          Turns: 8092, Time: 00:13:55

Health: 0/79       AC:  9    Str: 14      XL:     10   Next: 22%
Magic:  14/14      EV: 14    Int:  9      God:    Fedhas [*****.]
Gold:   600        SH:  0    Dex: 17 (18) Spells: 9/9 levels left

rFire    + + .     SeeInvis .   a - +1 trident
rCold    x . .     Gourm    .   (no shield)
rNeg     . . .     Faith    .   k - +1 fire dragon scales
rPois    .         Spirit   .   c - +0 helmet
rElec    .         Reflect  .   n - +1 cloak
rCorr    .         Harm     .   A - +0 pair of gloves
MR       .....                  (no boots)
Stlth    ..........             (no amulet)
HPRegen  0.23/turn              (no ring)
MPRegen  0.14/turn              (no ring)

@: corroded
A: change form in water, swift swim, stealthy swim
a: Wall of Briars, Grow Ballistomycete, Overgrow, Grow Oklob, Renounce Religion


You were on level 8 of the Dungeon.
You worshipped Fedhas.
Fedhas was extremely pleased with you.
You were not hungry.

You visited 1 branch of the dungeon, and saw 8 of its levels.
You also visited: Sewer and Ossuary.

You collected 600 gold pieces.

Inventory:

Hand Weapons
 a - a +1 trident (weapon)
Missiles
 d - 6 throwing nets (quivered)
 s - 6 javelins
 N - 2 curare-tipped darts
Armour
 b - a +0 leather armour
 c - a +0 helmet (worn)
 k - +1 fire dragon scales (worn)
 n - a +1 cloak (worn)
 A - a +0 pair of gloves (worn)
 C - the +4 robe of Augmentation {Str+4 Int+4 Dex+4}
   (You found it on level 4 of the Dungeon)

   It affects your strength (+4).
   It affects your intelligence (+4).
   It affects your dexterity (+4).
 K - the +7 large shield of the Guild-Master {rPois rN+ MR+ Int-5}
   (You found it on level 7 of the Dungeon)

   It affects your intelligence (-5).
   It protects you from poison.
   It protects you from negative energy.
   It affects your resistance to hostile enchantments.
Jewellery
 i - an uncursed ring of see invisible {unknown}
 o - an uncursed amulet of magic regeneration {unknown}
 F - an uncursed amulet of magic regeneration {unknown}
 J - a cursed amulet of inaccuracy {unknown}
Wands
 p - a wand of flame (15)
 r - a wand of clouds (4)
 x - a wand of random effects (17)
Scrolls
 e - 8 scrolls of remove curse
 h - a scroll of enchant armour
 l - 5 scrolls of identify
 q - a scroll of magic mapping
 t - 2 scrolls of immolation
 v - 2 scrolls of noise
 y - 6 scrolls of teleportation
 B - 2 scrolls of amnesia
 H - 2 scrolls of fear
 M - a scroll of blinking
Potions
 g - 2 potions of agility
 j - 3 potions of mutation
 m - 4 potions of curing
 u - a potion of lignification {unknown}
 w - a potion of ambrosia {unknown}
 z - 6 potions of flight
 D - a potion of cancellation {unknown}
 E - 2 potions of brilliance {unknown}
 G - 2 potions of heal wounds {unknown}
 I - a potion of magic {unknown}
 L - a potion of haste {unknown}
Comestibles
 f - 10 rations


   Skills:
 + Level 7.5 Fighting
 * Level 13.4 Polearms
 - Level 2.0 Throwing
 + Level 9.5 Dodging
 + Level 6.4 Invocations


You had 9 spell levels left.
You didn't know any spells.
Your spell library contained the following spells:

 Spells                   Type           Power        Failure   Level  Hunger
 Animate Skeleton         Necr           N/A          94%         1    ##.....
 Apportation              Tloc           #.....       94%         1    ##.....
 Confusing Touch          Hex            #.....       94%         1    ##.....
 Infusion                 Chrm           #...         94%         1    ##.....
 Summon Small Mammal      Summ           #...         94%         1    ##.....


Dungeon Overview and Level Annotations

Branches:
Dungeon (8/15)             Temple (0/1) D:5           Sewer (visited)
Ossuary (visited)
   Lair: D:8-11

Altars:
Ashenzari
Dithmenos
Fedhas
Makhleb
Nemelex Xobeh
Ru
Sif Muna
Zin

Shops:
D:5 [

Annotations:
D:8 Harold


Message History

Harold gestures at you while chanting. The harpoon shot hits you!
You are yanked forward by the harpoon shot.
You puncture Harold!
Harold is lightly wounded.
Harold completely misses you.
You hit Harold but do no damage.
Harold is lightly wounded.
You hit Harold but do no damage.
Harold is lightly wounded.
Harold hits you with a +0 dire flail!!
You hit Harold but do no damage.
Harold is lightly wounded.
You hit Harold.
Harold is lightly wounded.
Harold zaps a wand.
The bolt of acid hits you!!
* * * LOW HITPOINT WARNING * * *
The acid corrodes you!
You are splashed with acid!
You die...
Fedhas appreciates your contribution to the ecosystem.

... ... ##. ..
#... .>.. .. ...
..... .### ..#
....## ...# ..#
.....# ##@.# ..##
#..#..# #@#
#..###..# #.####.#
.......# #..##..#
.###...####...#..#
## ##.###.......##
##....##.....# ##
##..>.###.....#
.##.....###.....##
....##.........#.#


You could see Harold.

Vanquished Creatures
  A water moccasin (D:4)
  An orc warrior (D:6)
  A sky beast (D:6)
  2 ice beasts
  A black bear (D:7)
  6 ogres
  2 centaurs
  2 elf zombies (Ossuary)
  3 big kobolds (Sewer)
  A bullfrog (D:7)
  A gnoll sergeant (D:8)
  A water moccasin skeleton (D:4)
  5 scorpions
  6 killer bees (D:7)
  3 crimson imps
  A quasit (D:8)
  A centaur zombie (D:5)
  5 orc priests
  4 hounds
  A human zombie (Ossuary)
  A jelly (D:8)
  2 bullfrog skeletons
  A centaur skeleton (D:4)
  Jessica (D:2)
  A gnoll shaman (D:7)
  Ijyb (D:3)
  An iguana (D:8)
  6 orc wizards
  6 worker ants
  A big kobold zombie (Ossuary)
  4 hound zombies (Ossuary)
  A hound skeleton (D:5)
  3 mummies (Ossuary)
  13 gnolls
  19 adders
  3 river rats
  2 shadow imps
  6 adder zombies
  4 worms
  4 dart slugs
  6 leopard geckos
  27 orcs
  11 giant cockroaches
  A gnoll zombie (Ossuary)
  5 goblins
  10 hobgoblins
  7 jackals
  3 quokkas
  3 ball pythons
  9 bats
  2 frilled lizards
  4 goblin zombies (Ossuary)
  5 hobgoblin zombies (Ossuary)
  A jackal skeleton (D:4)
  4 jackal zombies (Ossuary)
  16 kobolds
  A leopard gecko skeleton (D:4)
  2 orc zombies (Ossuary)
  5 quokka zombies (Ossuary)
  11 rats
  2 rat zombies (Ossuary)
263 creatures vanquished.

Vanquished Creatures (others)
  2 orc wizards (D:7)
2 creatures vanquished.

Grand Total: 265 creatures vanquished

Notes
Turn   | Place    | Note
-------+----------+-------------------------------------------
     0 | D:1      | Mrkan the Merfolk Gladiator began the quest for the Orb.
     0 | D:1      | Reached XP level 1. HP: 16/16 MP: 1/1
    74 | D:1      | Reached XP level 2. HP: 23/23 MP: 2/2
   124 | D:1      | Reached skill level 5 in Polearms
   361 | D:1      | Reached XP level 3. HP: 25/28 MP: 3/3
   671 | D:2      | Noticed Jessica
   679 | D:2      | Killed Jessica
   679 | D:2      | Reached XP level 4. HP: 31/35 MP: 4/4
   807 | D:2      | Found a glowing silver altar of Zin.
   851 | D:2      | Reached skill level 6 in Polearms
   869 | D:2      | Found a blossoming altar of Fedhas.
  1212 | D:2      | Became a worshipper of Fedhas Madash
  1437 | D:3      | Reached skill level 5 in Dodging
  1437 | D:3      | Reached XP level 5. HP: 31/41 MP: 5/5
  1487 | D:3      | Found a shadowy altar of Dithmenos.
  1488 | D:3      | Found a burning altar of Makhleb.
  1489 | D:3      | Found a sacrificial altar of Ru.
  1491 | D:3      | Found a shattered altar of Ashenzari.
  1674 | D:3      | Found a sparkling altar of Nemelex Xobeh.
  1795 | D:3      | Noticed Ijyb
  1804 | D:3      | Killed Ijyb
  1908 | D:3      | Reached * piety under Fedhas
  2066 | D:4      | Reached skill level 7 in Polearms
  2066 | D:4      | Reached skill level 1 in Invocations
  2066 | D:4      | Reached XP level 6. HP: 47/48 MP: 6/6
  2177 | D:4      | Found the +4 robe of Augmentation {Str+4 Int+4 Dex+4}
  2466 | D:3      | Reached skill level 8 in Polearms
  2586 | D:3      | Reached XP level 7. HP: 40/54 MP: 8/8
  2813 | D:4      | Reached skill level 9 in Polearms
  2875 | D:4      | Reached ** piety under Fedhas
  3061 | D:4      | Got a pair of faintly humming boots
  3067 | D:4      | Identified the cursed -5 pair of boots "Konneth" {Dex+2}
                  | (You found it on level 4 of the Dungeon)
  3079 | D:5      | Entered Level 5 of the Dungeon
  3080 | D:5      | Found a staircase to the Ecumenical Temple.
  3126 | D:5      | Reached skill level 5 in Fighting
  3126 | D:5      | Reached XP level 8. HP: 56/62 MP: 10/10
  3146 | D:5      | Found Sorheecu's Armour Shop.
  3389 | D:5      | Found a glowing drain.
  3401 | Sewer    | Entered a sewer
  3652 | Sewer    | Reached skill level 10 in Polearms
  3962 | D:5      | Reached *** piety under Fedhas
  4274 | D:5      | Reached skill level 11 in Polearms
  4274 | D:5      | Reached XP level 9. HP: 47/69 MP: 12/12
  5319 | D:6      | Reached skill level 5 in Invocations
  6009 | D:7      | Got a warped large shield
  6010 | D:7      | Identified the +7 large shield of the Guild-Master {rPois
                  | rN+ MR+ Int-5} (You found it on level 7 of the Dungeon)
  6203 | D:7      | Reached **** piety under Fedhas
  6225 | D:7      | Reached skill level 12 in Polearms
  7248 | D:7      | Reached XP level 10. HP: 70/79 MP: 14/14
  7450 | D:7      | Found a shimmering blue altar of Sif Muna.
  7465 | D:7      | Identified Sif Muna's Catalogue of Boosts
  7489 | D:8      | Reached skill level 13 in Polearms
  7586 | D:8      | Found a sand-covered staircase.
  7590 | Ossuary  | Entered an ossuary
  7684 | Ossuary  | Reached ***** piety under Fedhas
  8083 | D:8      | Noticed Harold
  8092 | D:8      | Splashed by Harold's acid

Levels and vault maps discovered:
D:1:      lemuel_arrival_funnel, layout_basic
D:2:      layout_rooms, lemuel_coloured_pillars_altar, lemuel_statue_altar,
          uniq_jessica
D:3:      layout_loops_ring, nemelex_xobeh_ov_fountains_minmay, minitemple,
          first_ration, chequers_serial_rivers_large_a, uniq_ijyb
D:4:      layout_cave_pools, sigmund_army
D:5:      layout_loops_ring, minmay_temple_entry_mini_moons,
          portal_sewer_entry_e, serial_shops, shop_coins, minmay_misc_feat_rows,
          minmay_fractal_squares_diagonal_5
D:6:      layout_basic, chequers_avenue, chequers_mini_garden
D:7:      layout_loops_corners, led_sif_book
D:8:      layout_layer_cave, enter_ossuary_5, solitary_fountain,
          hangedman_little_slice_of_home, uniq_harold, uniq_maurice, uniq_erica

Skill      XL: |  1  2  3  4  5  6  7  8  9 10 |
---------------+-------------------------------+-----
Polearms       | 5 6 7 8 9 11 12 13 | 13.4
Fighting       | 3 4 5 6 7 |  7.5
Dodging        | 5 6 7 9 |  9.5
Invocations    | 1 2 3 4 6 |  6.4
Throwing       | |  2.0

Action                   |  1- 3 |  4- 6 |  7- 9 | 10-12 || total
-------------------------+-------+-------+-------+-------++-------
Melee: Trident           |    88 |   193 |   712 |   276 ||  1269
       Tailslap          |       |       |     9 |       ||     9
  Use: Potion            |       |     1 |     1 |       ||     2
       Scroll            |       |       |    18 |       ||    18
 Stab: Sleeping          |     1 |       |       |       ||     1
  Eat: Chunk             |       |     6 |    11 |     1 ||    18
       Ration            |       |       |     1 |     1 ||     2
Armor: Leather armour    |    20 |       |       |       ||    20
       Fire dragon scale |     7 |    86 |   225 |   103 ||   421
Dodge: Dodged            |    91 |   113 |   391 |   161 ||   756
